AoeStats
← 拳打南山敬老院

MegaRandom

506361703Analyzed
3v3 RM · 19d ago on Sep 13, 2026· 54m 48s· 6 players
Game mode
Random Map
Map size
Normal (6 player)
Population
200
Speed
Normal
Resources
Standard
Victory
Conquest
Starting age
Dark Age
Ending age
Imperial Age
RankedLock teamsTeams togetherTeam positionsShared explorationLock speedFull tech treeHidden civsTurbo modeCheats
Victory
Defeat
🇬🇧 Lithuanians · United Kingdom
1081
+15
🇪🇸 Burmese · Spain
1039
+17
🇺🇸 Goths · United States
1016
+17
🇩🇪 Britons · Germany
1088
-18
🇭🇰 Saracens · Hong Kong SAR China
1084
-18
🇵🇱 Franks · Poland
982
-13
Just a chill guy
8:35 Loom
10:34 Feudal Age
11:34 Town Watch
14:23 Castle Age
13:09 Scale Barding Armor
14:06 Forging
20:39 Bloodlines
21:43 Husbandry
23:18 Horse Collar
24:39 Chain Barding Armor
29:11 Heavy Plow
44:14 Imperial Age
42:55 Wheelbarrow
42:07 Double-Bit Axe
44:45 Hand Cart
44:42 Bow Saw
45:09 Cavalier
46:32 Plate Barding Armor
46:33 Iron Casting
51:14 Paladin
Inca_Uhu
11:01 Feudal Age
9:17 Loom
18:01 Castle Age
16:40 Town Watch
16:35 Man-at-Arms
17:49 Gold Mining
19:18 Long Swordsman
20:33 Pikeman
23:58 Arson
28:04 Gambesons
31:31 Scale Mail Armor
34:28 Wheelbarrow
34:34 Squires
34:34 Horse Collar
35:57 Chain Mail Armor
35:53 Forging
40:52 Imperial Age
39:38 Iron Casting
39:09 Scale Barding Armor
40:17 Hand Cart
41:38 Two-Handed Swordsman
44:01 Blast Furnace
43:58 Howdah
44:19 Conscription
43:33 Halberdier
44:51 Padded Archer Armor
44:42 Fletching
46:14 Bloodlines
46:07 Husbandry
51:39 Plate Mail Armor
53:07 Champion
i like sims
7:47 Loom
10:16 Feudal Age
11:28 Double-Bit Axe
12:43 Wheelbarrow
17:22 Castle Age
17:48 Forging
17:35 Horse Collar
19:37 Bow Saw
20:30 Town Watch
20:58 Stone Mining
22:41 Squires
23:16 Pikeman
24:35 Man-at-Arms
25:26 Scale Mail Armor
26:42 Gold Mining
28:40 Hand Cart
28:25 Long Swordsman
32:29 Iron Casting
32:15 Chain Mail Armor
32:44 Fletching
34:08 Iron Casting
34:41 Ballistics
34:49 Anarchy
36:03 Stone Shaft Mining
41:29 Imperial Age
42:43 Conscription
44:27 Masonry
43:53 Capped Ram
44:16 Halberdier
44:17 Two-Handed Swordsman
46:57 Blast Furnace
47:10 Two-Man Saw
46:12 Heavy Plow
47:15 Perfusion
47:24 Caravan
50:11 Two-Handed Swordsman
54:08 Bodkin Arrow
WiLLeX
10:56 Feudal Age
10:06 Loom
16:30 Castle Age
14:40 Double-Bit Axe
14:58 Gold Mining
15:16 Stone Mining
16:15 Horse Collar
18:05 Bow Saw
18:23 Fletching
22:10 Bodkin Arrow
24:48 Wheelbarrow
24:33 Town Watch
25:00 Pikeman
26:02 Heavy Plow
27:44 Scale Mail Armor
27:54 Forging
29:09 Hand Cart
28:54 Town Patrol
29:25 Ballistics
30:45 Squires
30:48 Padded Archer Armor
34:04 Imperial Age
32:59 Treadmill Crane
33:29 Masonry
34:24 Murder Holes
34:57 Warwolf
35:20 Conscription
36:08 Chain Mail Armor
36:28 Iron Casting
38:54 Yeomen
39:35 Bracer
43:59 Chemistry
44:37 Gold Shaft Mining
46:51 Guilds
48:16 Arson
49:06 Plate Mail Armor
49:11 Iron Casting
48:51 Scale Barding Armor
49:19 Town Patrol
51:24 Architecture
51:00 Siege Engineers
52:36 Yeomen
53:22 Iron Casting
53:03 Leather Archer Armor
52:54 Scale Barding Armor
mateuszes
0:36 Loom
2:16 Loom
12:11 Feudal Age
12:40 Double-Bit Axe
17:08 Castle Age
18:42 Wheelbarrow
19:11 Forging
22:30 Bow Saw
24:09 Gold Mining
26:14 Fletching
26:55 Ballistics
27:07 Pikeman
29:09 #83
30:16 Gold Shaft Mining
31:15 Hand Cart
31:27 Squires
34:34 Town Watch
38:47 Imperial Age
37:23 Iron Casting
36:50 Scale Mail Armor
36:55 Scale Barding Armor
38:34 Bodkin Arrow
38:51 Husbandry
38:12 Light Cavalry
38:54 Cavalier
40:16 Conscription
40:34 Chain Barding Armor
44:09 Blast Furnace
44:46 Paladin
46:37 Coinage
46:07 Caravan
47:33 Plate Barding Armor
47:14 Chain Mail Armor
51:58 Man-at-Arms
拳打南山敬老院
11:01 Feudal Age
18:24 Castle Age
16:48 Horse Collar
18:10 Double-Bit Axe
23:51 Scale Barding Armor
26:04 Forging
29:42 Chain Barding Armor
29:28 Husbandry
31:25 Gold Mining
32:00 Loom
36:12 Bloodlines
40:08 Iron Casting
44:38 Imperial Age
46:09 Conscription
48:11 Blast Furnace
48:23 Chemistry
49:34 Wheelbarrow
51:08 Plate Barding Armor
Connection lost

Rejoining the realm…

Still unreachable

The connection could not be restored.

Session expired

The server has moved on; the page needs a fresh start.